 Dungeon Crawl Stone Soup version 0.31.0-9-g3a7656b989 (webtiles) character file.

Game seed: 17411360792422491417

3765 qw the Skirmisher (level 9, -4/45 HPs)
             Began as a Spriggan Hunter on Feb 3, 2024.
             Was a Believer of Okawaru.
             Slain by a gnoll sergeant
             ... wielding a +3 vampiric spear
              (8 damage)
             ... on level 9 of the Dungeon.
             The game lasted 00:02:35 (5888 turns).

qw the Skirmisher (Spriggan Hunter)                 Turns: 5888, Time: 00:02:36

Health: -4/45      AC:  8    Str:  7    XL:     9   Next: 94%
Magic:  13/13      EV: 21    Int: 11    God:    Okawaru [**....]
Gold:   25         SH:  0    Dex: 22    Spells: 8/8 levels left

rFire   . . .        a - +3 shortbow (heavy)
rCold   . . .        (shield currently unavailable)
rNeg    + . .        p - +0 swamp dragon scales
rPois   +            (helmet restricted)
rElec   .            h - +0 cloak
rCorr   .            (gloves unavailable)
SInv    +            (boots unavailable)
Will    +....        i - amulet of the acrobat
Stlth   ++           s - ring of positive energy
HPRegen 0.27/turn    (no ring)
MPRegen 0.13/turn

%: acrobat
@: very quick
A: very small, no large weapons, unfitting armour, see invisible, speed 3
a: Renounce Religion, Heroism


You were on level 9 of the Dungeon.
You worshipped Okawaru.
Okawaru was pleased with you.
You visited 2 branches of the dungeon, and saw 10 of its levels.
You also visited: Sewer.

You collected 657 gold pieces.
You spent 632 gold pieces at shops.


Innate Abilities, Weirdness & Mutations

You are very small and have problems with some larger weapons.
You are too small for most types of armour.
You have supernaturally acute eyesight. (SInv)
You cover ground extremely quickly. (Speed+++)


   Skills:
 - Level 4.2 Fighting
 + Level 10.9 Ranged Weapons
 - Level 1.3 Armour
 - Level 10.2 Dodging
 - Level 1.5 Stealth
 - Level 4.1 Invocations


You had 8 spell levels left.
You didn't know any spells.
Your spell library was empty.

Inventory:

Hand Weapons
 a - a +3 heavy shortbow (weapon)
Armour
 h - a +0 cloak (worn)
 p - +0 swamp dragon scales (worn)
Jewellery
 d - an amulet of guardian spirit
 i - an amulet of the acrobat (around neck)
 s - a ring of positive energy (left hand)
Wands
 k - a wand of polymorph (9)
 n - a wand of paralysis (13)
Scrolls
 e - 2 scrolls of teleportation
 j - a scroll of brand weapon
Potions
 b - 4 potions of curing
 c - a potion of lignification {unknown}
 f - 4 potions of mutation
 l - a potion of might
 o - 2 potions of resistance
 q - a potion of heal wounds

Dungeon Overview and Level Annotations

Branches:
Dungeon (9/15)             Temple (1/1) D:7           Sewer (visited)
   Lair: D:8-11         Orc: D:9-12

Altars:
Ashenzari
Cheibriados
Dithmenos
Elyvilon
Gozag
Hepliaklqana
Kikubaaqudgha
Makhleb
Nemelex Xobeh
Okawaru
Qazlal
Ru
Sif Muna
Trog
Uskayaw
Vehumet
Wu Jian
Yredelemnul
Zin
The Shining One

Shops:
D:1 ?   D:4 *   D:9 !**:!*

Annotations:
D:3 1 runed translucent door, qw's ghost, amateur SpHu
D:9 exclusion: yak


Message History

You kill the gnoll!
Okawaru accepts your kill. The gnoll hits you but does no damage.
The kobold throws a stone.
The stone closely misses you. The gnoll hits you but does no damage.
The kobold completely misses you. The gnoll misses you.
You shoot an arrow. The arrow hits the kobold.
The kobold is severely wounded.
The kobold completely misses you. The gnoll completely misses you.
You shoot an arrow. The arrow hits the kobold!
You kill the kobold!
Okawaru accepts your kill. The gnoll closely misses you.
The gnoll sergeant barely misses you. The gnoll completely misses you.
The kobold completely misses you. The kobold brigand barely misses you.
You shoot an arrow. The arrow hits the kobold brigand!
The kobold brigand is heavily wounded.
The gnoll closely misses you.
The gnoll sergeant hits you but does no damage.
The gnoll barely misses you.
The kobold hits you with a +3 short sword of venom.
The kobold brigand closely misses you. The gnoll barely misses you.
The kobold completely misses you. The gnoll sergeant barely misses you.
The kobold brigand misses you. The gnoll misses you.
The gnoll hits you from afar with a +0 halberd!
The gnoll hits you from afar with a +0 spear!
You shoot an arrow. The arrow hits the kobold brigand!
The kobold brigand is severely wounded.
The kobold brigand closely misses you.
The gnoll sergeant hits you from afar with a +3 vampiric spear.
The kobold misses you. The gnoll barely misses you.
The gnoll closely misses you. x2
You shoot an arrow.
The arrow hits the kobold brigand but does no damage.
The kobold brigand is severely wounded.
The gnoll hits you from afar with a +0 spear.
The gnoll sergeant barely misses you. The gnoll misses you.
The kobold misses you. The kobold brigand barely misses you.
The gnoll hits you from afar with a +0 halberd!
The gnoll sergeant hits you from afar with a +3 vampiric spear!
You die...

.# .######
.......
####......#
###.........#
#...........#
##....)......#
#.....@Kg....#
.......K......#
.###..ggg....##
##..!....##
##......#
#.>...##
#..#### ##.#


You could see a kobold brigand, a gnoll sergeant, 3 gnolls and a kobold.

Vanquished Creatures
  Maurice (D:7)
  Maggie (D:8)
  Sigmund (D:2)
  3 yaks (D:9)
  Eustachio (D:4)
  A water moccasin (D:5)
  An ice beast (D:5)
  An orc warrior (D:7)
  2 black bears
  A crocodile (Sewer)
  A kobold brigand (D:5)
  Blork the orc (D:5)
  A bullfrog (D:8)
  A brain worm (Sewer)
  A scorpion (D:7)
  7 wights
  5 killer bees
  2 bombardier beetles
  2 howler monkeys (D:8)
  2 jellies
  4 orc priests
  4 hounds
  Jessica (D:2)
  2 iguanas
  4 orc wizards
  11 adders
  4 gnolls
  A shadow imp (D:8)
  A white imp (D:6)
  4 ufetubi (D:6)
  4 dart slugs
  3 ribbon worms
  29 orcs
  6 endoplasms
  3 giant cockroaches
  6 goblins
  5 hobgoblins
  8 jackals
  6 quokkas
  5 ball pythons
  10 bats
  4 frilled lizards
  14 kobolds
  3 rats
178 creatures vanquished.

Notes
Turn   | Place    | Note
-------+----------+-------------------------------------------
     0 | D:1      | qw the Spriggan Hunter began the quest for the Orb.
     0 | D:1      | Reached XP level 1. HP: 10/10 MP: 2/2
     0 | D:1      | 0 ||| qw: Version: 0.3-a-155-g5e7d8dd
     0 | D:1      | 0 ||| qw: Game counter: 2976
     0 | D:1      | 0 ||| qw: Melee chars always use a shield: true
     0 | D:1      | 0 ||| qw: God list: Okawaru
     0 | D:1      | 0 ||| qw: Allow faded altars: false
     0 | D:1      | 0 ||| qw: Do Orc after clearing Dungeon:15 true
     0 | D:1      | 0 ||| qw: Do second Lair branch before Depths: true
     0 | D:1      | 0 ||| qw: Lair rune preference: random
     0 | D:1      | 0 ||| qw: Goals: Normal
     0 | D:1      | 0 ||| PLANNING D:1-11
    17 | D:1      | Reached skill level 3 in Dodging
    21 | D:1      | 21 ||| RETREEEEATING.
    29 | D:1      | Reached XP level 2. HP: 14/14 MP: 3/3
   170 | D:1      | Found a faded altar of an unknown god.
   276 | D:1      | Found Itwiellupo's Magic Scroll Emporium.
   284 | D:1      | 284 ||| SHOPLISTING scroll of brand weapon (114 gold, have
                  | 32).
   284 | D:1      | 284 ||| SHOPLISTING scroll of enchant armour (90 gold, have
                  | 32).
   284 | D:1      | 284 ||| BUYING scroll of identify (24 gold).
   284 | D:1      | Bought a scroll of identify for 24 gold pieces
   396 | D:1      | Reached XP level 3. HP: 18/18 MP: 4/4
   405 | D:1      | 405 ||| READING scroll of identify.
   405 | D:1      | 405 ||| IDENTIFYING 2 fizzy dark potions
   406 | D:1      | 406 ||| READING scroll labelled WOETYL KAFO.
   407 | D:1      | 407 ||| READING 2 scrolls labelled KAKKEG GUKY.
   410 | D:1      | 410 ||| READING scroll labelled OCVAHIOBIA.
   511 | D:1      | 511 ||| DROPPING scroll of butterflies.
   753 | D:2      | Noticed Jessica
   755 | D:2      | Noticed Sigmund
   756 | D:2      | 756 ||| DRINKING 2 potions of haste.
   758 | D:2      | Killed Jessica
   774 | D:2      | Killed Sigmund
   775 | D:2      | Reached skill level 6 in Dodging
   775 | D:2      | Reached XP level 4. HP: 22/22 MP: 5/5
   775 | D:2      | Reached XP level 5. HP: 25/25 MP: 6/6
  1110 | D:2      | 1110 ||| READING scroll labelled RYDINN YPYPP.
  1110 | D:2      | 1110 ||| ENCHANTING +0 shortbow.
  1190 | D:3      | Reached XP level 6. HP: 30/30 MP: 7/7
  1213 | D:3      | 1213 ||| FLEEEEING.
  1215 | D:3      | 1215 ||| FLEEEEING.
  1365 | D:3      | Found a runed translucent door.
  1366 | D:3      | Noticed qw's ghost (amateur SpHu)
  1463 | D:3      | You fall into a shaft and drop 1 floor!
  1478 | D:4      | Noticed Eustachio
  1479 | D:4      | 1479 ||| RETREEEEATING.
  1481 | D:4      | 1481 ||| RETREEEEATING.
  1482 | D:4      | 1482 ||| RETREEEEATING.
  1483 | D:4      | 1483 ||| RETREEEEATING.
  1485 | D:4      | 1485 ||| DRINKING potion of haste.
  1543 | D:4      | Killed Eustachio
  1544 | D:4      | Reached skill level 6 in Ranged Weapons
  1607 | D:4      | Reached XP level 7. HP: 35/35 MP: 8/8
  1657 | D:4      | 1657 ||| UPGRADING to amulet of the acrobat.
  1662 | D:4      | 1662 ||| READING scroll of identify.
  1662 | D:4      | 1662 ||| IDENTIFYING viscous brown potion
  1663 | D:4      | 1663 ||| READING 2 scrolls labelled INETRI TELYL.
  1666 | D:4      | 1666 ||| READING scroll labelled SOTUYLAGEG.
  1666 | D:4      | 1666 ||| BRANDING +1 shortbow.
  1667 | D:4      | 1667 ||| DRINKING 3 dark potions.
  1668 | D:4      | 1668 ||| DROPPING potion of brilliance.
  1669 | D:4      | 1669 ||| DROPPING scroll of blinking.
  1675 | D:4      | 1675 ||| FLEEEEING.
  1676 | D:4      | 1676 ||| STAIRDANCE
  1952 | D:3      | 1952 ||| READING scroll labelled NEMYDINOUP.
  2082 | D:4      | 2082 ||| DRINKING potion of haste.
  2252 | D:4      | Found Guqumpim's Serpentskin Sales.
  2426 | D:4      | 2426 ||| READING scroll labelled KEMOMUA BIHYD.
  2555 | D:5      | Entered Level 5 of the Dungeon
  2562 | D:5      | 2562 ||| STAIRDANCE
  2731 | D:5      | Noticed Blork the orc
  2737 | D:5      | Killed Blork the orc
  2843 | D:5      | Found an opulent altar of Gozag.
  2852 | D:5      | Reached skill level 3 in Fighting
  2853 | D:5      | Reached XP level 8. HP: 28/40 MP: 9/9
  3267 | D:6      | 3267 ||| PLANNING SEWER
  3267 | D:6      | 3267 ||| STAIRDANCE
  3273 | D:6      | 3273 ||| STAIRDANCE
  3284 | D:5      | HP: 9/40 [poisoned by a kobold]
  3288 | D:5      | HP: 4/40 [poisoned by a kobold]
  3439 | D:6      | 3439 ||| STAIRDANCE
  3486 | D:6      | 3486 ||| STAIRDANCE
  3640 | D:6      | 3640 ||| FLEEEEING.
  3641 | D:6      | 3641 ||| FLEEEEING.
  3642 | D:6      | 3642 ||| FLEEEEING.
  3643 | D:6      | 3643 ||| FLEEEEING.
  3644 | D:6      | 3644 ||| FLEEEEING.
  3646 | D:6      | 3646 ||| FLEEEEING.
  3648 | D:6      | 3648 ||| FLEEEEING.
  3649 | D:6      | 3649 ||| FLEEEEING.
  3650 | D:6      | 3650 ||| FLEEEEING.
  3651 | D:6      | 3651 ||| FLEEEEING.
  3655 | D:6      | 3655 ||| FLEEEEING.
  3656 | D:6      | 3656 ||| FLEEEEING.
  3657 | D:6      | 3657 ||| FLEEEEING.
  3658 | D:6      | 3658 ||| FLEEEEING.
  3659 | D:6      | 3659 ||| FLEEEEING.
  3660 | D:6      | 3660 ||| FLEEEEING.
  3661 | D:6      | 3661 ||| FLEEEEING.
  3663 | D:6      | 3663 ||| FLEEEEING.
  3665 | D:6      | 3665 ||| FLEEEEING.
  3666 | D:6      | 3666 ||| FLEEEEING.
  3667 | D:6      | 3667 ||| FLEEEEING.
  3668 | D:6      | 3668 ||| FLEEEEING.
  3669 | D:6      | 3669 ||| FLEEEEING.
  3670 | D:6      | 3670 ||| FLEEEEING.
  3671 | D:6      | 3671 ||| FLEEEEING.
  3672 | D:6      | 3672 ||| FLEEEEING.
  3673 | D:6      | 3673 ||| FLEEEEING.
  3674 | D:6      | 3674 ||| FLEEEEING.
  3675 | D:6      | 3675 ||| FLEEEEING.
  3799 | D:6      | Reached skill level 9 in Ranged Weapons
  4040 | D:6      | Found a glowing drain.
  4041 | D:6      | 4041 ||| UPGRADING to ring of positive energy.
  4042 | D:6      | 4042 ||| READING scroll of identify.
  4042 | D:6      | 4042 ||| IDENTIFYING glowing ruby potion
  4043 | D:6      | 4043 ||| READING scroll labelled HUSHYQ MOUXZO.
  4043 | D:6      | 4043 ||| ENCHANTING +1 heavy shortbow.
  4044 | D:6      | 4044 ||| READING scroll labelled CUMUXKUMUCE.
  4045 | D:6      | 4045 ||| DRINKING 2 glowing clear potions.
  4046 | D:6      | 4046 ||| DRINKING 3 potions of curing.
  4046 | D:6      | 4046 ||| (to cure confusion)
  4047 | D:6      | 4047 ||| DROPPING potion of ambrosia.
  4056 | Sewer    | Entered a sewer
  4077 | Sewer    | Reached skill level 9 in Dodging
  4113 | Sewer    | 4113 ||| DROPPING potion of berserk rage.
  4134 | D:6      | 4134 ||| PLANNING D:1-11
  4207 | D:7      | 4207 ||| STAIRDANCE
  4211 | D:7      | 4211 ||| STAIRDANCE
  4249 | D:7      | Found a staircase to the Ecumenical Temple.
  4250 | D:7      | 4250 ||| PLANNING TEMPLE
  4259 | Temple   | Entered the Ecumenical Temple
  4260 | Temple   | 4260 ||| PLANNING OKAWARU WORSHIP
  4279 | Temple   | Became a worshipper of Warmaster Okawaru
  4280 | Temple   | 4280 ||| PLANNING D:1-11
  4342 | D:7      | Noticed Maurice
  4348 | D:7      | Killed Maurice
  4349 | D:7      | Reached XP level 9. HP: 39/44 MP: 7/10
  4388 | D:7      | Found a hide-covered altar of Uskayaw.
  4391 | D:7      | Found a glowing golden altar of the Shining One.
  4420 | D:7      | Found an ornate altar of the Wu Jian Council.
  4503 | D:7      | 4503 ||| RETREEEEATING.
  4556 | D:7      | Reached * piety under Okawaru
  4575 | D:7      | 4575 ||| READING scroll of enchant weapon.
  4575 | D:7      | 4575 ||| ENCHANTING +1 heavy shortbow.
  4874 | D:7      | Reached skill level 1 in Invocations
  5129 | D:7      | 5129 ||| UPGRADING to +0 cloak.
  5134 | D:7      | 5134 ||| DROPPING +6 ring of intelligence.
  5135 | D:7      | 5135 ||| DRINKING 2 fuming orange potions.
  5136 | D:7      | 5136 ||| DROPPING wand of flame (24).
  5147 | D:8      | 5147 ||| STAIRDANCE
  5220 | D:8      | 5220 ||| STAIRDANCE
  5271 | D:8      | Noticed Maggie
  5272 | D:8      | 5272 ||| INVOKING Heroism.
  5281 | D:8      | Killed Maggie
  5282 | D:8      | Reached skill level 3 in Invocations
  5341 | D:8      | Reached ** piety under Okawaru
  5458 | D:8      | 5458 ||| UPGRADING to +0 swamp dragon scales.
  5468 | D:8      | 5468 ||| DROPPING +0 robe.
  5478 | D:7      | Found a hazy altar of Hepliaklqana.
  5488 | D:7      | 5488 ||| READING scroll of enchant weapon.
  5488 | D:7      | 5488 ||| ENCHANTING +2 heavy shortbow.
  5513 | D:8      | Found a snail-covered altar of Cheibriados.
  5572 | D:8      | Reached skill level 1 in Armour
  5799 | D:8      | 5799 ||| READING 4 scrolls of identify.
  5799 | D:8      | 5799 ||| IDENTIFYING fizzy coppery potion
  5800 | D:8      | 5800 ||| READING 3 scrolls of identify.
  5800 | D:8      | 5800 ||| IDENTIFYING clear potion
  5801 | D:8      | 5801 ||| READING 2 scrolls of identify.
  5801 | D:8      | 5801 ||| IDENTIFYING smoky emerald potion
  5802 | D:8      | 5802 ||| READING scroll of identify.
  5802 | D:8      | 5802 ||| IDENTIFYING 2 metallic clear potions
  5803 | D:8      | 5803 ||| DROPPING potion of attraction.
  5804 | D:8      | 5804 ||| DROPPING 2 potions of degeneration.
  5817 | D:9      | Found Jemnek's Distillery.
  5818 | D:9      | Found Otatrimp's Assorted Antiques.
  5824 | D:9      | Found Diexilun's General Store.
  5824 | D:9      | Found Ryuptimny's Book Shop.
  5826 | D:9      | 5826 ||| BUYING 2 potions of mutation (208 gold).
  5826 | D:9      | Bought 2 potions of mutation for 208 gold pieces
  5826 | D:9      | 5826 ||| BUYING potion of curing (39 gold).
  5826 | D:9      | Bought a potion of curing for 39 gold pieces
  5826 | D:9      | 5826 ||| BUYING potion of curing (39 gold).
  5826 | D:9      | Bought a potion of curing for 39 gold pieces
  5826 | D:9      | 5826 ||| BUYING potion of heal wounds (65 gold).
  5826 | D:9      | Bought a potion of heal wounds for 65 gold pieces
  5826 | D:9      | 5826 ||| BUYING potion of mutation (104 gold).
  5826 | D:9      | Bought a potion of mutation for 104 gold pieces
  5826 | D:9      | 5826 ||| BUYING potion of resistance (130 gold).
  5826 | D:9      | Bought a potion of resistance for 130 gold pieces
  5832 | D:9      | Found Joli's Distillery.
  5832 | D:9      | Found Himohuq's Assorted Antiques.
  5835 | D:9      | 5835 ||| BUYING fizzy golden potion (23 gold).
  5835 | D:9      | Bought a fizzy golden potion for 23 gold pieces
  5841 | D:9      | 5841 ||| SHOPLISTING potion of haste (140 gold, have 25).
  5841 | D:9      | 5841 ||| SHOPLISTING potion of heal wounds (70 gold, have
                  | 25).
  5841 | D:9      | 5841 ||| SHOPLISTING potion of might (56 gold, have 25).
  5847 | D:9      | 5847 ||| SHOPLISTING golden ring (185 gold, have 25).
  5847 | D:9      | 5847 ||| SHOPLISTING potion of heal wounds (185 gold, have
                  | 25).
  5847 | D:9      | 5847 ||| SHOPLISTING scratched diamond ring (185 gold, have
                  | 25).
  5847 | D:9      | 5847 ||| SHOPLISTING scroll labelled XIAQUOB YMET (37 gold,
                  | have 25).
  5847 | D:9      | 5847 ||| SHOPLISTING scroll of teleportation (111 gold,
                  | have 25).
  5847 | D:9      | 5847 ||| SHOPLISTING wand of paralysis (3) (266 gold, have
                  | 25).
  5852 | D:9      | 5852 ||| RETREEEEATING.
  5854 | D:9      | 5854 ||| RETREEEEATING.
  5855 | D:9      | 5855 ||| RETREEEEATING.
  5856 | D:9      | 5856 ||| RETREEEEATING.
  5857 | D:9      | 5857 ||| RETREEEEATING.
  5860 | D:9      | 5860 ||| RETREEEEATING.
  5863 | D:9      | 5863 ||| RETREEEEATING.
  5864 | D:9      | 5864 ||| RETREEEEATING.
  5865 | D:9      | 5865 ||| RETREEEEATING.
  5866 | D:9      | 5866 ||| RETREEEEATING.
  5867 | D:9      | 5867 ||| RETREEEEATING.
  5869 | D:9      | 5869 ||| RETREEEEATING.
  5877 | D:9      | HP: 9/45 [yak (13)]
  5878 | D:9      | 5878 ||| READING 3 scrolls of teleportation.
  5879 | D:9      | 5879 ||| DRINKING 2 potions of heal wounds.
  5888 | D:9      | HP: 11/45 [gnoll/+0 spear[a gnoll sergeant] (2)]
  5888 | D:9      | HP: 4/45 [gnoll/+0 halberd[a gnoll sergeant] (7)]
  5888 | D:9      | Slain by a gnoll sergeant

Levels and vault maps discovered:
D:1:      mrwooster_arrival_statue, layout_rooms, serial_shops,
          nicolae_shop_statue_plus, ebering_ecumenical_altar_sacrificial
D:2:      layout_basic, uniq_sigmund, uniq_jessica
D:3:      layout_loops_ring, ebering_ghost_sewer_d
D:4:      layout_rooms, guppyfry_shop_venom, uniq_eustachio
D:5:      layout_cave_pools, old_standard_altar, uniq_blork_the_orc
D:6:      layout_basic, portal_sewer_entry_d, minivault_10
D:7:      layout_basic, nicolae_overflow_hidden_temple,
          pdpol_wu_jian_five_deadly_venoms, minmay_temple_entry_statues_pillars,
          uniq_maurice
D:8:      layout_cave_pools, old_standard_altar, uniq_maggie
D:9:      layout_cave_pods, nicolae_shop_national_dungeon_mall
Temple:   compressed_dpeg_circular_temple

Skill      XL: |  1  2  3  4  5  6  7  8  9 |
---------------+----------------------------+-----
Dodging        | 3 4 6 7 9 10 | 10.2
Ranged Weapons | 5 6 8 10 | 10.9
Fighting       | 2 3 4 |  4.2
Invocations    | 4 |  4.1
Armour         | 1 |  1.3
Stealth        | |  1.5

Action                     |  1- 3 |  4- 6 |  7- 9 || total
---------------------------+-------+-------+-------++-------
   Fire: Shortbow          |    89 |   124 |   330 ||   543
 Invoke: Heroism           |       |       |     1 ||     1
    Use: Scroll            |     4 |     1 |    15 ||    20
         Potion            |     1 |     1 |     6 ||     8
 Armour: Robe              |     7 |    12 |    55 ||    74
         Swamp dragon scal |       |       |    19 ||    19
  Dodge: Dodged            |    36 |    36 |   267 ||   339

Table legend:
 A = Non-vault XP
 B = Vault XP
 C = Vault XP percentage of total XP
 D = Non-vault monster count
 E = Vault monster count
 F = Vault count percentage of total count
                 A         B        C        D         E       F
            +---------+---------+-------+---------+---------+-------
      Total |    3671 |    1708 |  31.8 |     165 |      13 |   7.3
            +---------+---------+-------+---------+---------+-------
        D:1 |      41 |       0 |   0.0 |      24 |       0 |   0.0
        D:2 |      61 |     263 |  81.2 |      16 |       2 |  11.1
        D:3 |      92 |       0 |   0.0 |      24 |       0 |   0.0
        D:4 |     356 |     210 |  37.1 |      28 |       2 |   6.7
        D:5 |     748 |      96 |  11.4 |      28 |       1 |   3.4
        D:6 |     274 |      14 |   4.9 |      15 |       1 |   6.2
        D:7 |     914 |     520 |  36.3 |      16 |       1 |   5.9
        D:8 |     544 |     389 |  41.7 |       9 |       1 |  10.0
        D:9 |     641 |       0 |   0.0 |       5 |       0 |   0.0
      Sewer |       0 |     216 | 100.0 |       0 |       5 | 100.0
            +---------+---------+-------+---------+---------+-------
